 Dungeon Crawl Stone Soup version 0.18.1-50-g88ac8fd (webtiles) character file.

98 Chiseanne the Skirmisher (level 4, -3/39 HPs)
             Began as a Centaur Abyssal Knight on Oct 26, 2016.
             Was a Believer of Lugonu.
             Killed by divine providence
             ... invoked by an orc priest
              (16 damage)
             ... on level 3 of the Dungeon.
             The game lasted 00:08:55 (2143 turns).

Chiseanne the Skirmisher (Centaur Abyssal Knight)   Turns: 2143, Time: 00:08:55

Health: -3/39      AC: 13    Str: 15    XL:     4   Next: 44%
Magic:  15/15      EV:  0    Int: 11    God:    Lugonu [**....]
Gold:   124        SH:  6    Dex:  9    Spells: 0 memorised, 3 levels left

rFire  . . .     SeeInvis .     a - +2 hand axe
rCold  . . .     Gourm    .     s - +0 plate armour
rNeg   . . .     Faith    .     t - +0 shield
rPois  .         Spirit   .     (no helmet)
rElec  .         Dismiss  .     w - +2 cloak
rCorr  .         Reflect  .     y - +0 pair of gloves
SustAt .         Harm     +     (no barding)
MR     .....                    q - amulet of harm
Stlth  ..........               (no ring)
                                v - ring of magical power

@: drained, very quick, not resistant to hostile enchantments, extremely
unstealthy
A: hooves 3, deformed body, speed 2, tough skin 3
a: Depart the Abyss, Bend Space, Renounce Religion


You were on level 3 of the Dungeon.
You worshipped Lugonu.
Lugonu was pleased with you.
You were not hungry.

You visited 1 branch of the dungeon, and saw 3 of its levels.
You visited the Abyss 1 time.

You collected 124 gold pieces.

Inventory:

Hand Weapons
 a - a +2 hand axe (weapon)
Missiles
 b - 5 needles of confusion
 d - 34 arrows
 e - 74 stones (quivered)
 n - 8 needles of sleeping
 u - 8 bolts
 x - 17 sling bullets
Armour
 s - a +0 plate armour (worn)
 t - a +0 shield (worn)
 w - a +2 cloak (worn)
 y - a +0 pair of gloves (worn)
Jewellery
 q - an amulet of harm (around neck)
 v - a ring of magical power (left hand)
Scrolls
 g - a scroll of teleportation
 i - 2 scrolls of identify
 o - a scroll of remove curse
 z - a scroll of blinking
Potions
 h - a potion of invisibility
 k - 2 potions of haste
 l - 3 potions of heal wounds
 r - 2 potions of resistance
Comestibles
 c - 2 bread rations
 f - a meat ration
 j - 3 fruits
 m - 5 chunks of flesh
 p - a royal jelly


   Skills:
 * Level 3.6(3.1) Fighting
 - Level 1.7(1.3) Axes
 * Level 2.3(1.9) Armour
 - Level 1.1(0.6) Dodging
 * Level 0.5(0.1) Shields
 * Level 2.9(2.5) Invocations


You had 3 spell levels left.
You didn't know any spells.

Dungeon Overview and Level Annotations

Branches:
Dungeon (3/15)

Altars:
Fedhas
Kikubaaqudgha
Nemelex Xobeh
Pakellas


Innate Abilities, Weirdness & Mutations

You have hooves in place of feet.
Armour fits poorly on your strangely shaped body.
You cover ground very quickly.
You have extremely tough skin (AC +3).


Message History

Your plate armour prevents you from hitting the orc.
The giant cockroach bites you but does no damage.
The orc priest calls down the wrath of Beogh upon you.
Beogh smites you! The orc hits you but does no damage.
You feel drained. The hobgoblin hits you with a club.
The giant cockroach bites you but does no damage.
The orc priest hits you but does no damage.
The orc priest mumbles some strange prayers to Beogh against you.
Beogh smites you!
* * * LOW HITPOINT WARNING * * *
Eat which item? (? for menu, Esc to quit)
Okay, then.
You hit the giant cockroach.
You kill the giant cockroach!
Lugonu accepts your kill.
You hit the orc priest but do no damage.
The orc priest is lightly wounded.
The orc priest invokes the aid of Beogh against you.
Beogh smites you!
You die...

## #. #. # #.#####.# ### #.#....
##.. ##### #.##.#############..#
....##### #....og............##
.##.....########@###########...#.
.##..##.#.. ..#.# #..####
.##..##.#.# #.#.##########.##..#
..)..##.#.####.#.##.........#._.'
#[[...#.....##.#.##.######..##.##
#.###)#.....##.#.##.######...###.
#.. .#..†)......................
#### ##..........##.#######.....#
..............+.>.. #......


You could see an orc priest and a hobgoblin.

Vanquished Creatures
  3 adders (D:2)
  An ooze (D:3)
  3 dart slugs
  7 orcs (D:3)
  5 bats
  4 giant cockroaches
  7 goblins
  4 hobgoblins
  2 jackals (D:3)
  9 kobolds
  2 giant newts
  7 rats
54 creatures vanquished.

Notes
Turn   | Place    | Note
--------------------------------------------------------------
     0 | Abyss:1  | Chiseanne the Centaur Abyssal Knight began the quest for the Orb.
     0 | Abyss:1  | Reached XP level 1. HP: 19/19 MP: 2/2
     0 | Abyss:1  | Found a corrupted altar of Lugonu.
     3 | Abyss:1  | Found a corrupted altar of Lugonu.
   133 | Abyss:1  | Noticed a wretched star
   135 | D:1      | Escaped the Abyss
   207 | D:1      | Reached * piety under Lugonu
   505 | D:1      | Reached XP level 2. HP: 20/26 MP: 3/3
   667 | D:1      | Reached skill level 1 in Dodging
  1096 | D:2      | Reached XP level 3. HP: 31/31 MP: 4/4
  1123 | D:2      | Found an oddly glowing altar of Pakellas.
  1395 | D:2      | Reached ** piety under Lugonu
  1568 | D:2      | Found a blossoming altar of Fedhas.
  1570 | D:2      | Found an ancient bone altar of Kikubaaqudgha.
  1778 | D:3      | Reached XP level 4. HP: 28/38 MP: 6/6
  2026 | D:3      | Found a sparkling altar of Nemelex Xobeh.
  2143 | D:3      | Killed from afar by an orc priest

Skill      XL: |  1  2  3 |
---------------+----------+-----
Dodging        | 1 |  1.1
Armour         | 2 |  2.3
Fighting       | |  3.6
Axes           | |  1.7
Shields        | |  0.5
Invocations    | |  2.9

Action                   |  1- 3 |  4- 6 || total
-------------------------+-------+-------++-------
Melee: Hand axe          |   105 |    46 ||   151
       Kick              |    21 |     7 ||    28
Invok: Depart the Abyss  |     1 |       ||     1
  Use: Scroll            |    12 |       ||    12
  Eat: Chunk             |     2 |     1 ||     3
Armor: Ring mail         |    16 |       ||    16
       Leather armour    |     2 |       ||     2
       Plate armour      |    47 |    60 ||   107
Dodge: Dodged            |    16 |     2 ||    18
Block: Shield            |    15 |    20 ||    35
